 Dungeon Crawl Stone Soup version 0.28-a0-1506-g3893175d92 (webtiles) character file.

Game seed: 3059357042731770592

25861 bande the Cleaver (level 13, -5/79 HPs)
             Began as a Gargoyle Fighter on Jan 14, 2022.
             Was the Champion of Okawaru.
             Slain by a komodo dragon (20 damage)
             ... on level 3 of the Lair of Beasts.
             The game lasted 00:43:31 (24738 turns).

bande the Cleaver (Gargoyle Fighter)               Turns: 24738, Time: 00:43:32

Health: -5/79      AC: 33    Str: 22    XL:     13   Next: 22%
Magic:  19/19      EV:  7    Int:  8    God:    Okawaru [******]
Gold:   525        SH: 13    Dex: 19    Spells: 12/12 levels left

rFire   . . .      SeeInvis .   v - +4 war axe (freeze)
rCold   . . .      Faith    .   c - +1 buckler
rNeg    + . .      Spirit   .   b - +0 plate armour
rPois   ∞          Reflect  +   G - +1 hat
rElec   +          Harm     .   k - +1 cloak {rPois}
rCorr   .          Rampage  .   s - +0 pair of gloves
Will    .....                   (no boots)
Stlth   ..........              x - amulet of reflection
HPRegen 0.23/turn               e - +4 ring of protection
MPRegen 0.16/turn               F - +6 ring of dexterity

@: studying Crossbows
A: sickness immunity, AC +9, negative energy resistance 1, electricity
resistance, torment resistance 1, petrification resistance, antennae 1
a: Renounce Religion, Heroism, Finesse, Duel


You were on level 3 of the Lair of Beasts.
You worshipped Okawaru.
Okawaru was exalted by your worship.
You visited 3 branches of the dungeon, and saw 16 of its levels.

You collected 849 gold pieces.
You spent 324 gold pieces at shops.

Inventory:

Hand Weapons
 a - a +1 war axe
 v - a +4 war axe of freezing (weapon)
 B - a +1 hand axe of flaming
Missiles
 f - 3 throwing nets (quivered)
Armour
 b - a +0 plate armour (worn)
 c - a +1 buckler (worn)
 k - a +1 cloak of poison resistance (worn)
 s - a +0 pair of gloves (worn)
 w - a +2 ring mail of fire resistance
 G - a +1 hat (worn)
 K - the +5 scale mail of the Frog {rElec rF+ Str-4 Int+8}
   (Okawaru gifted it to you on level 2 of the Lair of Beasts)

   Str:       It affects your strength (-4).
   Int:       It affects your intelligence (+8).
   rF:        It protects you from fire.
   rElec:     It insulates you from electricity.
Jewellery
 e - a +4 ring of protection (left hand)
 l - a ring of ice
 o - a ring of positive energy
 r - an amulet of the acrobat
 x - an amulet of reflection (around neck)
 F - a +6 ring of dexterity (right hand)
Wands
 j - a wand of paralysis (4)
 m - a wand of flame (49)
 n - a wand of iceblast (1)
 t - a wand of digging (5)
 A - a wand of polymorph (10)
Scrolls
 u - 3 scrolls of amnesia
 y - 3 scrolls of identify
 C - 3 scrolls of enchant weapon
 E - 2 scrolls of fear
 I - a scroll of enchant armour
 J - a scroll of blinking
Potions
 d - a potion of mutation
 g - 8 potions of curing
 h - 4 potions of haste
 i - 3 potions of magic
 p - a potion of flight
 q - a potion of cancellation
 D - a potion of brilliance
 H - a potion of ambrosia
Miscellaneous
 z - a phantom mirror
 L - a phial of floods


   Skills:
 + Level 8.6 Fighting
 + Level 11.9 Axes
 + Level 10.1 Armour
 - Level 0.2 Dodging
 + Level 9.7 Shields
 * Level 8.5 Invocations
 * Level 7.8 Evocations


You had 12 spell levels left.
You didn't know any spells.
Your spell library contained the following spells:

 Spells                   Type           Power      Damage    Failure   Level
 Apportation              Tloc           0%         N/A       100%        1
 Beastly Appendage        Tmut           0%         N/A       100%        1
 Freeze                   Ice            0%         1d3       100%        1
 Scorch                   Fire           0%         2d5       100%        2
 Wereblood                Tmut           0%         N/A       100%        2
 Conjure Flame            Conj/Fire      0%         6-21      100%        3
 Frozen Ramparts          Ice            0%         1d2       100%        3
 Ignite Poison            Fire/Tmut/Pois 0%         N/A       100%        3
 Inner Flame              Hex/Fire       0%         N/A       100%        3
 Spider Form              Tmut/Pois      0%         N/A       100%        3
 Flame Wave               Conj/Fire      0%         2d4       100%        4
 Hailstorm                Conj/Ice       0%         3d3       100%        4
 Sticky Flame             Conj/Fire      0%         2d3       100%        4
 Alistair's Intoxication  Tmut/Pois      0%         N/A       100%        5
 Dispersal                Tloc           0%         N/A       100%        6
 Animate Skeleton         Necr           Unusable   N/A       N/A         1
 Summon Small Mammal      Summ           Unusable   N/A       N/A         1
 Summon Cactus Giant      Summ           Unusable   N/A       N/A         6

Dungeon Overview and Level Annotations

Branches:
Dungeon (12/15)            Temple (1/1) D:7            Lair (3/6) D:11
 Spider (0/4) Lair:3          Orc (0/2) D:11
  Swamp: Lair:2-4    Shoals: Lair:2-4

Altars:
Ashenzari
Dithmenos
Elyvilon
Gozag
Hepliaklqana
Kikubaaqudgha
Makhleb
Okawaru
Qazlal
Ru
Sif Muna
Trog
Uskayaw
Vehumet
Xom
The Shining One

Shops:
D:2 !(!*   D:12 :


Innate Abilities, Weirdness & Mutations

You are immune to sickness and miasma.
Your stone body is resilient. (AC +9)
You are immune to poison.
You resist negative energy. (rN+)
You are resistant to electric shocks. (rElec)
You are resistant to unholy torment.
You are immune to petrification.
You have a pair of small antennae on your head.


Message History

Unknown command.
Unknown command.
You hit the komodo dragon. You freeze the komodo dragon.
The komodo dragon is heavily wounded.
You miss the vampire mosquito.
The vampire mosquito bites you but does no damage.
You block the vampire mosquito's attack.
The komodo dragon bites you but does no damage.
You hit the komodo dragon. You freeze the komodo dragon.
The komodo dragon is heavily wounded.
You hit the vampire mosquito. You freeze the vampire mosquito.
The vampire mosquito bites you but does no damage. x2
The komodo dragon bites you.
* * * LOW HITPOINT WARNING * * *
Unknown command.
Unknown command.
You completely miss the komodo dragon.
The komodo dragon is heavily wounded.
You hit the vampire mosquito. You freeze the vampire mosquito.
You block the vampire mosquito's attack. x2
You slash the komodo dragon! You freeze the komodo dragon.
The komodo dragon is severely wounded.
You miss the vampire mosquito. The vampire mosquito bites you.
* * * LOW HITPOINT WARNING * * *
You block the komodo dragon's attack.
Unknown command.
You barely miss the komodo dragon.
The komodo dragon is severely wounded.
You hit the vampire mosquito. You freeze the vampire mosquito.
You destroy the vampire mosquito!
Okawaru accepts your kill. You block the komodo dragon's attack.
You hit the komodo dragon.
The komodo dragon seems to slow down.
You freeze the komodo dragon.
The komodo dragon is almost dead.
You block the komodo dragon's attack.
You hit the komodo dragon but do no damage.
The komodo dragon is almost dead.
The komodo dragon bites you!!
You die...

#.#.###...
........#......## ## #...
........+......# #..<
.......#......# ##... .#
............## #P...
...##..#........##### ##...
...............P.##PP###...
......†.†.l................
......††..@......P#.#.P#...
.......†..........##.###...
..................P# #....
.....##.#.#.#....## #....
###.# ######.....## ##...
#. ##....P# ##... #
##....## #.... #.....#
##... ##....# #...


You could see a komodo dragon (slow).

Vanquished Creatures
  Gastronok (Lair:1)
  Harold (D:11)
  5 hydras
  A boulder beetle (D:11)
  2 two-headed ogres
  A cyclops (D:11)
  4 black mambas
  3 cane toads
  2 kobold demonologists
  3 komodo dragons
  2 tengu conjurers (D:10)
  6 trolls
  Grinder (D:3)
  2 polar bears (Lair:1)
  2 hornets
  A shadow (D:9)
  30 yaks
  A wraith (D:11)
  4 fire bats
  3 wyverns
  A basilisk (Lair:1)
  4 vampire mosquitoes (Lair:3)
  A steam dragon (D:8)
  Grum (D:11)
  2 wargs
  2 acid dragons
  4 water moccasins
  10 orc warriors
  A sky beast (D:7)
  A hell hound (D:7)
  3 black bears
  2 wolves (D:11)
  A centaur (D:9)
  A phantom (D:4)
  5 bullfrogs
  2 kobold brigands
  2 gnoll sergeants
  3 scorpions
  A water moccasin skeleton (D:5)
  10 killer bees
  10 wights
  2 howler monkeys
  3 electric eels (Lair:1)
  6 centaur zombies
  4 lava snakes (Lair:1)
  4 hounds
  Crazy Yiuf (D:3)
  15 orc priests
  2 centaur skeletons
  A gnoll shaman (D:9)
  2 iguanas
  14 orc wizards
  A killer bee zombie (D:5)
  2 hound zombies (D:5)
  6 gnolls
  4 adders
  A shadow imp (D:7)
  A white imp (D:6)
  An ufetubus (D:6)
  3 worms
  A dart slug (D:1)
  46 orcs
  5 endoplasms
  2 giant cockroaches
  5 goblins
  3 hobgoblins
  2 jackals (D:2)
  15 kobolds
  5 quokkas
  5 ball pythons
  3 bats
  4 frilled lizards
  4 rats
  A fire vortex (D:8)
316 creatures vanquished.

Vanquished Creatures (others)
  A lava snake (Lair:1)
  A fire vortex (D:8)
  11 fungi
  18 plants
31 creatures vanquished.

Grand Total: 347 creatures vanquished

Notes
Turn   | Place    | Note
-------+----------+-------------------------------------------
     0 | D:1      | bande the Gargoyle Fighter began the quest for the Orb.
     0 | D:1      | Reached XP level 1. HP: 14/14 MP: 1/1
   697 | D:1      | Reached XP level 2. HP: 16/19 MP: 2/2
  1049 | D:1      | Reached skill level 2 in Axes
  1502 | D:1      | Found a faded altar of an unknown god.
  1518 | D:1      | Reached XP level 3. HP: 23/23 MP: 3/3
  2080 | D:2      | Found Canun's Distillery.
  2123 | D:2      | Bought a potion of degeneration for 12 gold pieces
  2150 | D:2      | Found Cetuemia's Distillery.
  2261 | D:2      | Found Xululoka's Weapon Shop.
  2300 | D:2      | Found Loewer's General Store.
  3210 | D:3      | Reached XP level 4. HP: 29/29 MP: 4/4
  3304 | D:3      | Noticed Grinder
  3331 | D:3      | Killed Grinder
  3332 | D:3      | Reached skill level 4 in Axes
  3332 | D:3      | Reached XP level 5. HP: 24/33 MP: 5/5
  3332 | D:3      | Reached XP level 6. HP: 27/38 MP: 6/6
  3535 | D:3      | Found a runed translucent door.
  3536 | D:3      | Noticed Crazy Yiuf
  3811 | D:3      | Killed Crazy Yiuf
  4344 | D:4      | Reached XP level 7. HP: 43/43 MP: 7/7
  4429 | D:4      | Reached skill level 5 in Axes
  4492 | D:4      | Reached skill level 1 in Evocations
  4510 | D:4      | Reached skill level 5 in Armour
  4893 | D:5      | Entered Level 5 of the Dungeon
  5422 | D:5      | Reached XP level 8. HP: 32/48 MP: 0/8
  5426 | D:5      | Reached skill level 6 in Axes
  6457 | D:5      | HP: 2/48 [orc warrior (4)]
  6462 | D:5      | Reached skill level 5 in Fighting
  7338 | D:7      | Found a staircase to the Ecumenical Temple.
  7343 | D:7      | Reached skill level 7 in Axes
  7359 | Temple   | Entered the Ecumenical Temple
  7420 | Temple   | Became a worshipper of Warmaster Okawaru
  7820 | D:7      | Reached skill level 5 in Shields
  7822 | D:7      | Reached XP level 9. HP: 48/54 MP: 9/9
  8248 | D:7      | Reached skill level 1 in Invocations
  8763 | D:8      | Reached * piety under Okawaru
  9569 | D:8      | Reached skill level 8 in Axes
  9840 | D:7      | Reached ** piety under Okawaru
 10970 | D:7      | Reached XP level 10. HP: 60/60 MP: 12/12
 12281 | D:8      | Identified the +1 robe of Ruyzaegh {Harm rF- rN+ Archmagi}
 12616 | D:9      | Got Myuwad Xuah's Catalogue of Warped Heat
 12771 | D:9      | Noticed a two-headed ogre
 12782 | D:9      | Killed a two-headed ogre
 12782 | D:9      | Reached *** piety under Okawaru
 12790 | D:9      | Reached skill level 5 in Evocations
 13323 | D:9      | Reached skill level 9 in Axes
 13336 | D:9      | Reached **** piety under Okawaru
 13921 | D:9      | Reached skill level 5 in Invocations
 14193 | D:10     | Entered Level 10 of the Dungeon
 14218 | D:10     | Noticed a kobold demonologist
 14220 | D:10     | Noticed a rust devil
 14231 | D:10     | Killed a kobold demonologist
 14672 | D:10     | Reached XP level 11. HP: 55/66 MP: 14/14
 14729 | D:10     | Gained mutation: You do not regenerate when monsters are
                  | visible. [potion of mutation]
 14729 | D:10     | Gained mutation: You are partially covered in iridescent
                  | scales. (AC +2) [potion of mutation]
 14915 | D:2      | Bought a potion of mutation for 96 gold pieces
 14915 | D:2      | Bought a potion of mutation for 96 gold pieces
 14915 | D:2      | Bought a potion of heal wounds for 60 gold pieces
 14915 | D:2      | Bought a potion of heal wounds for 60 gold pieces
 14924 | D:3      | Lost mutation: You are partially covered in iridescent
                  | scales. (AC +2) [potion of mutation]
 14924 | D:3      | Lost mutation: You do not regenerate when monsters are
                  | visible. [potion of mutation]
 14924 | D:3      | Gained mutation: You have a pair of small antennae on your
                  | head. [potion of mutation]
 15501 | D:10     | Reached ***** piety under Okawaru
 16039 | D:10     | Found a bloodstained altar of Trog.
 16717 | D:11     | Found a staircase to the Orcish Mines.
 17172 | D:11     | Reached skill level 10 in Axes
 17821 | D:11     | Found a staircase to the Lair.
 17842 | D:11     | Noticed a cyclops
 17861 | D:11     | Killed a cyclops
 18047 | D:11     | You fall into a shaft and drop 1 floor!
 18047 | D:12     | Noticed a two-headed ogre
 18047 | D:12     | Found Ding's Book Boutique.
 18051 | D:12     | Killed a two-headed ogre
 18056 | D:12     | Noticed a soul eater
 18603 | D:11     | Noticed Grum
 18623 | D:11     | Killed Grum
 19281 | D:11     | Noticed a boulder beetle
 19348 | D:11     | Killed a boulder beetle
 19538 | D:11     | Noticed Harold
 19553 | D:11     | Killed Harold
 19553 | D:11     | Identified the +0 scale mail "Punith" {rElec Int+4}
                  | (Okawaru gifted it to you on level 11 of the Dungeon)
 19553 | D:11     | Received a gift from Okawaru
 19554 | D:11     | Reached XP level 12. HP: 71/72 MP: 17/17
 19942 | Lair:1   | Entered Level 1 of the Lair of Beasts
 19970 | Lair:1   | Noticed Gastronok
 20699 | Lair:1   | Noticed an eight-headed hydra
 20730 | Lair:1   | Killed a one-headed hydra
 21598 | Lair:1   | Noticed a six-headed hydra
 21609 | Lair:1   | Killed a one-headed hydra
 21749 | Lair:1   | Noticed an eight-headed hydra
 21770 | Lair:1   | Killed a one-headed hydra
 21890 | Lair:1   | Reached skill level 11 in Axes
 22284 | Lair:1   | Killed Gastronok
 22822 | Lair:2   | Reached ****** piety under Okawaru
 23183 | Lair:2   | Received a gift from Okawaru
 23394 | Lair:2   | Noticed an eight-headed hydra
 23412 | Lair:2   | Killed a one-headed hydra
 23412 | Lair:2   | Identified the +5 scale mail of the Frog {rElec rF+ Str-4
                  | Int+8} (Okawaru gifted it to you on level 2 of the Lair of
                  | Beasts)
 23412 | Lair:2   | Received a gift from Okawaru
 23413 | Lair:2   | Reached XP level 13. HP: 71/79 MP: 19/19
 24437 | Lair:2   | Reached skill level 10 in Armour
 24472 | Lair:3   | Found a hole to the Spider Nest.
 24738 | Lair:3   | Slain by a komodo dragon

Illustrated notes

Levels and vault maps discovered:
D:1:      sevenhm_arrival_forest_fort_small_3, layout_loops_corners,
          hellmonk_ecumenical_altar_blasted, st_stairs_14, minmay_heptomino_l4
D:2:      layout_loops_ring, serial_shops, nicolae_shop_stone, shop,
          nicolae_shop_bloodbath_and_beyond, shop_fountains, serial_rivers,
          chequers_serial_rivers_large_b, chequers_serial_rivers_small_3,
          chequers_serial_rivers_micro_d, chequers_serial_rivers_marsh
D:3:      layout_basic, uniq_grinder, uniq_crazy_yiuf_cottage
D:4:      layout_cave_pools
D:5:      layout_gridville
D:6:      layout_rooms
D:7:      layout_loops_ring, minmay_temple_entry_tees, minmay_manual_mail
D:8:      layout_basic, hangedman_incinerator
D:9:      minmay_evil_eye, layout_loops_cross
D:10:     layout_roguey, kennysheep_mini, statue_in_the_mist_lemuel,
          serial_bayou_pond_d, nicolae_elevator_lobby_asterisk
D:11:     layout_gridville, erik_lair_orcish_takeover, david_orc_3,
          minmay_misc_feat_secret_circle, uniq_grum, uniq_harold
D:12:     layout_rooms, gammafunk_ghost_grave, serial_shops,
          nicolae_shop_statue_plus, kennysheep_windowed_goal, uniq_fannar
Temple:   regret_index_temple_sigil_plot
Lair:1:   layout_loops_ring, nicolae_lair_liquid_snakes, uniq_gastronok
Lair:2:   layout_loops_ring, grunt_megastairs_3, infiniplex_staircase_pool_2
Lair:3:   layout_chaotic_city, minmay_swamp_entry_swarm,
          nicolae_spider_entry_orb_guardian, basic_altar, eino_house_with_fridge

Skill      XL: |  1  2  3  4  5  6  7  8  9 10 11 12 13 |
---------------+----------------------------------------+-----
Axes           | 2 4 5 7 8 9 10 11 | 11.9
Fighting       | 4 5 6 7 8 |  8.6
Armour         | 4 5 6 7 8 9 10 | 10.1
Shields        | 4 5 6 7 8 9 |  9.7
Evocations     | 1 3 4 5 6 7 |  7.8
Invocations    | 3 5 6 8 |  8.5
Dodging        | |  0.2

Action                   |  1- 3 |  4- 6 |  7- 9 | 10-12 | 13-15 || total
-------------------------+-------+-------+-------+-------+-------++-------
Melee: War axe           |   135 |    68 |   277 |   600 |    46 ||  1126
       Hand axe          |       |       |    98 |    90 |    38 ||   226
  Use: Scroll            |     4 |     2 |     4 |    10 |       ||    20
       Potion            |       |       |     4 |     6 |       ||    10
 Stab: Invisible         |       |     1 |       |       |       ||     1
Armor: Scale mail        |    73 |       |       |       |       ||    73
       Chain mail        |     6 |    51 |   145 |       |       ||   202
       Plate armour      |       |       |   273 |   572 |    66 ||   911
Dodge: Dodged            |    59 |    21 |   149 |   184 |    14 ||   427
Block: Buckler           |    38 |    18 |   197 |   498 |    61 ||   812
       Reflection        |       |       |       |    12 |       ||    12

Table legend: (Time is in decaauts)
 A = Elapsed time spent in this place.
 B = Non-inter-level travel time spent in this place.
 C = Inter-level travel time spent in this place.
 D = Time resting spent in this place.
 E = Time spent auto-exploring this place.
 F = Levels seen in this place.
 G = Mean time per level.
                   A        B        C        D        E       F      G
               +--------+--------+--------+--------+--------+-----+--------+
         Total |  24942 |  24471 |    471 |  11855 |   8486 |  16 | 1558.9 |
       Dungeon |  20449 |  20037 |    412 |   9672 |   6868 |  12 | 1704.1 |
        Temple |     85 |     76 |      9 |      0 |     42 |   1 |   85.0 |
          Lair |   4407 |   4357 |     50 |   2183 |   1576 |   3 | 1469.0 |
               +--------+--------+--------+--------+--------+-----+--------+

Top non-repeatable levels by time:
     D:8: 3095 daAuts
    D:11: 3058 daAuts
  Lair:1: 2667 daAuts
    D:10: 2665 daAuts
     D:7: 2186 daAuts
     D:1: 2049 daAuts
     D:9: 1738 daAuts
     D:5: 1596 daAuts
  Lair:2: 1470 daAuts
     D:3: 1194 daAuts
     D:4: 1181 daAuts
     D:2: 909 daAuts
     D:6: 743 daAuts
  Lair:3: 269 daAuts
  Temple: 85 daAuts
